 Dungeon Crawl Stone Soup version 0.23.2-33-g5129a83184 (webtiles) character file.

Game seed: 17480508484936341835

29 DildoBatman the Magician (level 3, -1/24 HPs)
             Began as a Formicid Wizard on July 23, 2019.
             Slain by a worm (4 damage)
             ... on level 2 of the Dungeon.
             The game lasted 00:02:43 (1578 turns).

DildoBatman the Magician (Formicid Wizard)          Turns: 1578, Time: 00:02:43

Health: -1/24      AC:  2    Str: 11    XL:     3   Next: 32%
Magic:  4/7        EV: 12    Int: 18    God:
Gold:   76         SH:  0    Dex:  9    Spells: 1/8 levels left

rFire    . . .     SeeInvis +   i - +0 short sword
rCold    . . .     Gourm    .   (no shield)
rNeg     . . .     Faith    .   a - +0 robe
rPois    .         Spirit   .   (helmet unavailable)
rElec    .         Reflect  .   (no cloak)
rCorr    .         Harm     .   (no gloves)
MR       .....                  (no boots)
Stlth    ++........             (no amulet)
HPRegen  0.08/turn              (no ring)
MPRegen  0.10/turn              (no ring)

@: no status effects
A: permanent stasis, dig shafts and tunnels, four strong arms, antennae 3
a: Dig, Shaft Self


You were on level 2 of the Dungeon.
You were not hungry.

You visited 1 branch of the dungeon, and saw 2 of its levels.

You collected 76 gold pieces.

Inventory:

Hand Weapons
 e - a +0 club
 i - a +0 short sword (weapon)
Missiles
 c - 8 tomahawks
 d - 29 stones (quivered)
 g - 12 poisoned needles
 h - 22 arrows
 l - 29 bolts
Armour
 a - a +0 robe (worn)
Scrolls
 b - a scroll of teleportation {unknown}
 j - a scroll of identify {unknown}
Potions
 k - a potion of degeneration {unknown}
Comestibles
 f - 2 chunks of flesh
 v - 3 rations


   Skills:
 - Level 1.7 Dodging
 - Level 2.4 Stealth
 - Level 3.2 Spellcasting
 * Level 2.7 Conjurations
   Level 1.0 Summonings
   Level 0.8 Translocations


You had one spell level left.
You knew the following spells:

 Your Spells              Type           Power        Failure   Level  Hunger
a - Conjure Flame         Conj/Fire      #.......     26%         3    ###....
c - Magic Dart            Conj           ##..         5%          1    None
e - Mephitic Cloud        Conj/Pois/Air  #.......     32%         3    ###....

Your spell library contained the following spells:

 Spells                   Type           Power        Failure   Level  Hunger
 Call Imp                 Summ           #.......     16%         2    ##.....
 Slow                     Hex            #.......     24%         2    ##.....
 Blink                    Tloc           Unusable     N/A         2    N/A

Dungeon Overview and Level Annotations

Branches:
Dungeon (2/15)

Altars:


Innate Abilities, Weirdness & Mutations

You cannot be hasted, slowed, berserked, paralysed or teleported.
You can dig through walls and to a lower floor.
Your four strong arms can wield two-handed weapons with a shield.
You have a pair of large antennae on your head. (SInv)


Message History

The worm is engulfed in noxious fumes.
The worm appears confused.
There is an open door here.
The worm is engulfed in noxious fumes.
The worm bites you!
You hit the worm.
The worm is moderately wounded.
The worm is engulfed in noxious fumes.
The worm bites you!
You hit the worm.
The worm is heavily wounded.
You catch the helpless worm completely off-guard!
You hit the worm.
The worm is severely wounded.
You hit the worm.
The worm is almost dead.
You barely miss the worm.
The worm is almost dead.
The worm bites you.
You die...

......#.## ##..#... ...
......#w# #....... ###
.###. #.# #...... ### .$
#.# ###....# #. #.. ##
#.# ......... #.#
##.#######..##...######.#
#..((((.....##...........
##.....w.#..###..###.##.#
#......@'..#...># #.##.#
##......#.......# #.##..
#......#......†###.####
#......##..###.....#
#......###...÷#.####
######## #....#.#
#....... #....#### ######


You could see a worm (confused).

Vanquished Creatures
  A worm (D:2)
  2 dart slugs (D:1)
  2 leopard geckos (D:1)
  A ball python (D:1)
  A giant cockroach (D:1)
  2 goblins
  4 hobgoblins (D:1)
  A bat (D:1)
  A frilled lizard (D:1)
  3 kobolds
  A rat (D:1)
19 creatures vanquished.

Notes
Turn   | Place    | Note
-------+----------+-------------------------------------------
     0 | D:1      | DildoBatman the Formicid Wizard began the quest for the
                  | Orb.
     0 | D:1      | Reached XP level 1. HP: 13/13 MP: 4/4
    21 | D:1      | Reached skill level 1 in Conjurations
   320 | D:1      | Reached XP level 2. HP: 9/19 MP: 0/6
  1017 | D:1      | Reached XP level 3. HP: 24/24 MP: 5/7
  1043 | D:1      | Learned a level 3 spell: Conjure Flame
  1047 | D:1      | Learned a level 3 spell: Mephitic Cloud
  1578 | D:2      | Slain by a worm

Skill      XL: |  1  2 |
---------------+-------+-----
Conjurations   | 1 2 |  2.7
Dodging        | |  1.7
Stealth        | |  2.4
Spellcasting   | |  3.2
Summonings     | |  1.0
Translocations | |  0.8

Action                   || total
-------------------------++-------
Melee: Unarmed           ||     8
       Short sword       ||    10
Throw: Stone             ||    16
 Cast: Magic Dart        ||    55
       Mephitic Cloud    ||     2
 Abil: Dig               ||     3
 Stab: Confused          ||     1
  Eat: Chunk             ||     2
Armor: Robe              ||     2
Dodge: Dodged            ||    16
